 Dungeon Crawl Stone Soup version 0.28-a0-230-g086cc6695f (webtiles) character file.

Game seed: 7551748748211964803

13114 PentaManta the Grappler (level 12, -1/108 HPs)
             Began as a Ghoul Monk on Aug 22, 2021.
             Was a High Priest of Okawaru.
             Slain by a komodo dragon (25 damage)
             ... on level 1 of the Lair of Beasts.
             The game lasted 00:25:19 (14910 turns).

PentaManta the Grappler (Ghoul Monk)               Turns: 14910, Time: 00:25:19

Health: -1/108     AC: 14    Str: 20    XL:     12   Next: 2%
Magic:  11/11      EV:  8    Int:  8    God:    Okawaru [*****.]
Gold:   1262       SH:  4    Dex: 11    Spells: 11/11 levels left

rFire   . . .      SeeInvis .     - Unarmed
rCold   + . .      Faith    .   w - +0 buckler
rNeg    + + +      Spirit   .   h - +0 chain mail
rPois   ∞          Reflect  .   a - +2 helmet {Int+3}
rElec   .          Harm     .   (no cloak)
rCorr   .          Rampage  .   (no gloves)
Will    ++...                   (no boots)
Stlth   ..........              (no amulet)
HPRegen 0.00/turn               d - ring of willpower
MPRegen 0.12/turn               A - ring of willpower

@: inhibited regen
A: claws 1, cold resistance 1, negative energy resistance 3, inhibited
regeneration, torment resistance 2
a: Renounce Religion, Heroism, Finesse, Duel


You were on level 1 of the Lair of Beasts.
You worshipped Okawaru.
Okawaru was extremely pleased with you.
You visited 3 branches of the dungeon, and saw 14 of its levels.
You also visited: Bailey.

You collected 1262 gold pieces.

Inventory:

Hand Weapons
 x - a +2 dagger of electrocution
 F - a +2 dagger of venom
Missiles
 e - 28 boomerangs (quivered)
 k - 3 throwing nets
 y - 8 poisoned darts
Armour
 a - a +2 helmet of intelligence (worn)
 b - the +3 hat of Pondering {ponderous, Will+ MP+10 Int+5}
   (You found it in a bailey)

   Int:       It affects your intelligence (+5).
   MP:        It affects your magic capacity (+10).
   Will:      It increases your willpower.
 f - a +0 pair of gloves
 h - a +0 chain mail (worn)
 p - the +2 robe of the Zebra {Fly rElec rF+}
   (You found it on level 12 of the Dungeon)

   rF:        It protects you from fire.
   rElec:     It insulates you from electricity.
   Fly:       It grants you flight.
 s - +0 acid dragon scales
 w - a +0 buckler (worn)
 z - a +0 plate armour
Jewellery
 d - a ring of willpower (left claw)
 A - a ring of willpower (right claw)
Wands
 i - a wand of acid (6)
Scrolls
 g - a scroll of acquirement
 j - 3 scrolls of enchant weapon
 m - 6 scrolls of teleportation
 u - 3 scrolls of fog
 C - 2 scrolls of enchant armour
 D - 3 scrolls of identify
Potions
 c - 2 potions of curing
 l - a potion of flight
 n - a potion of cancellation
 o - 2 potions of attraction
 q - a potion of heal wounds
 r - a potion of resistance
 t - 3 potions of brilliance
 v - a potion of ambrosia


   Skills:
 * Level 10.6 Fighting
 * Level 8.4 Armour
 - Level 2.6 Dodging
 - Level 2.1 Stealth
 - Level 4.0 Shields
 + Level 14.0 Unarmed Combat


You had 11 spell levels left.
You didn't know any spells.
Your spell library contained the following spells:

 Spells                   Type           Power      Damage    Failure   Level
 Corpse Rot               Necr/Air       N/A        N/A       99%         2
 Passwall                 Tmut/Erth      0%         N/A       99%         2
 Poisonous Vapours        Pois/Air       0%         N/A       99%         2
 Dazzling Flash           Conj/Hex       0%         N/A       100%        3
 Swiftness                Air            0%         N/A       100%        3
 Airstrike                Air            0%         N/A       100%        4
 Iskenderun's Mystic Bla  Conj/Tloc      0%         2d3       100%        4
 Alistair's Intoxication  Tmut/Pois      0%         N/A       100%        5
 Borgnjor's Vile Clutch   Necr/Erth      0%         N/A       100%        5
 Freezing Cloud           Conj/Ice/Air   0%         6-21      100%        5
 Lightning Bolt           Conj/Air       0%         1d11      100%        5
 Eringya's Noxious Bog    Tmut/Pois      0%         N/A       100%        6
 Invisibility             Hex            0%         N/A       100%        6
 Starburst                Conj/Fire      0%         6d3       100%        6
 Summon Lightning Spire   Summ/Air       Unusable   N/A       N/A         4

Dungeon Overview and Level Annotations

Branches:
Dungeon (12/15)            Temple (1/1) D:5            Lair (1/6) D:9
    Orc (0/2) D:11         Bailey (visited)

Altars:
Ashenzari
Cheibriados
Dithmenos
Elyvilon
Fedhas
Gozag
Hepliaklqana
Kikubaaqudgha
Makhleb
Nemelex Xobeh
Okawaru
Qazlal
Ru
Sif Muna
Trog
Uskayaw
Vehumet
Wu Jian
Xom
Yredelemnul
Zin
The Shining One


Innate Abilities, Weirdness & Mutations

You thrive by killing the living.
You are immune to poison.
You have sharp fingernails.
Your flesh is cold resistant. (rC+)
You are immune to negative energy. (rN+++)
You do not regenerate when monsters are visible.
You are immune to unholy pain and torment.


Message History

The komodo dragon barely misses you.
You scratch the komodo dragon.
The komodo dragon is lightly wounded.
You claw the komodo dragon!
The komodo dragon is moderately wounded.
The komodo dragon bites you!!
You barely miss the komodo dragon.
The komodo dragon is moderately wounded.
The komodo dragon bites you!!
You barely miss the komodo dragon.
The komodo dragon is moderately wounded.
The komodo dragon bites you!!
You are too injured to fight recklessly!
You are too injured to fight recklessly!
You are too injured to fight recklessly!
You completely miss the komodo dragon.
The komodo dragon is moderately wounded.
You barely miss the komodo dragon.
The komodo dragon is moderately wounded.
The komodo dragon bites you.
Press: ? - help, v - describe, . - travel
Here: a komodo dragon (moderately wounded)
The floor.
You scratch the komodo dragon.
The komodo dragon is moderately wounded.
The komodo dragon bites you!
* * * LOW HITPOINT WARNING * * *
You closely miss the komodo dragon.
The komodo dragon is moderately wounded.
The komodo dragon bites you!
* * * LOW HITPOINT WARNING * * *
You feel better.
The komodo dragon bites you but does no damage.
Press: ? - help, v - describe, . - travel
Here: a komodo dragon (moderately wounded)
The floor.
You claw the komodo dragon!
The komodo dragon is heavily wounded.
The komodo dragon bites you!!
You die...

....... .P...........
.........>... ##
#............ ##.
............. . #..
##............
.!..##.##.............
......†...#...........
......###..l@.......#
....# #.##........#
.## #####....####
##.P## ##..## ##..##
#..## ##..# ##..##


You could see a komodo dragon.

Vanquished Creatures
  A hydra (Lair:1)
  A catoblepas (D:11)
  A centaur warrior (D:9)
  2 two-headed ogres (D:11)
  The ghost of Gargoyl the Skirmisher, a novice GnAK of Lugonu (D:7)
  An ugly thing (D:11)
  A deep elf pyromancer (D:12)
  An orc knight (Bailey)
  A kobold demonologist (D:9)
  2 trolls
  Sigmund (D:5)
  A wyvern (D:10)
  5 yaks (D:11)
  A basilisk (D:12)
  3 vampire mosquitoes (D:12)
  Menkaure (D:7)
  A warg (D:11)
  An acid dragon (D:10)
  6 water moccasins
  11 orc warriors
  An ice beast (D:7)
  2 necrophages
  3 ogres
  3 sky beasts (D:6)
  A black bear (D:4)
  7 centaurs
  A phantom (D:7)
  Blork the orc (D:3)
  A gnoll sergeant (D:9)
  5 bullfrogs
  2 scorpions
  6 killer bees (D:10)
  2 howler monkeys
  An electric eel (Lair:1)
  4 centaur zombies
  A bullfrog zombie (D:6)
  A bullfrog skeleton (D:6)
  3 orc priests
  2 centaur skeletons
  4 hounds
  3 iguanas
  9 orc wizards
  3 killer bee zombies
  7 adders
  9 gnolls
  A river rat (D:6)
  A shadow imp (D:7)
  3 white imps
  2 adder skeletons
  5 worms
  2 dart slugs
  42 orcs
  7 ball pythons
  4 bats
  11 endoplasms
  A giant cockroach (D:2)
  9 hobgoblins
  15 jackals
  25 kobolds
  4 quokkas
  5 frilled lizards
  9 goblins
  3 rats
274 creatures vanquished.

Vanquished Creatures (others)
  A fungus (Lair:1)
  2 plants (Lair:1)
3 creatures vanquished.

Grand Total: 277 creatures vanquished

Notes
Turn   | Place    | Note
-------+----------+-------------------------------------------
     0 | D:1      | PentaManta the Ghoul Monk began the quest for the Orb.
     0 | D:1      | Reached XP level 1. HP: 19/19 MP: 0/0
    83 | D:1      | Reached XP level 2. HP: 24/26 MP: 1/1
    98 | D:1      | Reached skill level 4 in Unarmed Combat
   415 | D:1      | Reached XP level 3. HP: 31/31 MP: 2/2
   851 | D:2      | Reached skill level 5 in Unarmed Combat
   925 | D:2      | Reached XP level 4. HP: 38/38 MP: 3/3
  1968 | D:3      | Found an opulent altar of Gozag.
  2063 | D:3      | Reached skill level 6 in Unarmed Combat
  2271 | D:3      | Reached XP level 5. HP: 43/45 MP: 4/4
  2966 | D:4      | Noticed a black bear
  2968 | D:4      | Noticed Blork the orc
  3006 | D:3      | Killed Blork the orc
  3007 | D:3      | Reached skill level 7 in Unarmed Combat
  3621 | D:4      | Found a shimmering blue altar of Sif Muna.
  3647 | D:4      | Killed a black bear
  3648 | D:4      | Reached XP level 6. HP: 46/51 MP: 5/5
  3735 | D:4      | Noticed a necrophage
  3746 | D:4      | Killed a necrophage
  3747 | D:4      | Reached skill level 8 in Unarmed Combat
  3960 | D:4      | Reached XP level 7. HP: 55/57 MP: 6/6
  4141 | D:4      | Found a hazy altar of Hepliaklqana.
  4201 | D:5      | Entered Level 5 of the Dungeon
  4607 | D:5      | Reached skill level 9 in Unarmed Combat
  4665 | D:5      | Found a staircase to the Ecumenical Temple.
  4829 | D:5      | Noticed Sigmund
  4831 | D:5      | Identified a scroll of acquirement
  4890 | D:6      | Reached skill level 10 in Unarmed Combat
  4890 | D:6      | Reached XP level 8. HP: 21/63 MP: 7/7
  5208 | Temple   | Entered the Ecumenical Temple
  5321 | D:5      | Killed Sigmund
  5488 | D:6      | Reached skill level 11 in Unarmed Combat
  5530 | D:6      | Found a runed translucent door.
  5555 | D:6      | Noticed Gargoyl's ghost (novice GnAK)
  5677 | D:7      | Killed Gargoyl's ghost
  5678 | D:7      | Reached skill level 12 in Unarmed Combat
  5678 | D:7      | Reached XP level 9. HP: 23/70 MP: 8/8
  5988 | D:6      | Found a runed translucent door.
  6401 | D:7      | Reached skill level 1 in Armour
  6786 | D:7      | Noticed Menkaure
  6791 | D:7      | Killed Menkaure
  7153 | D:7      | Reached skill level 5 in Fighting
  7364 | D:8      | Reached XP level 10. HP: 47/81 MP: 9/9
  7951 | D:8      | Found an iron altar of Okawaru.
  8389 | D:9      | Found a flagged portal.
  8415 | Bailey   | Entered a bailey
  8564 | Bailey   | Reached skill level 13 in Unarmed Combat
  8659 | Bailey   | Noticed an orc knight
  8696 | Bailey   | Killed an orc knight
  8749 | Bailey   | Found the +3 hat of Pondering {ponderous, Will+ MP+10
                  | Int+5}
  8916 | D:9      | Noticed a kobold demonologist
  8922 | D:9      | Killed a kobold demonologist
  8923 | D:9      | Reached skill level 5 in Armour
  9048 | D:8      | Found a snail-covered altar of Cheibriados.
  9051 | D:8      | Found a burning altar of Makhleb.
  9057 | D:8      | Became a worshipper of Warmaster Okawaru
  9057 | D:8      | Reached * piety under Okawaru
  9057 | D:8      | Reached ** piety under Okawaru
  9239 | D:9      | Found a staircase to the Lair.
  9503 | D:9      | Noticed a centaur warrior
  9515 | D:9      | Killed a centaur warrior
  9812 | D:10     | Entered Level 10 of the Dungeon
  9956 | D:10     | Reached XP level 11. HP: 70/94 MP: 10/10
 11065 | D:10     | Reached *** piety under Okawaru
 11480 | D:11     | Noticed a two-headed ogre
 11686 | D:11     | Found a staircase to the Orcish Mines.
 11747 | D:11     | Killed a two-headed ogre
 11852 | D:11     | Noticed a two-headed ogre
 11861 | D:11     | Killed a two-headed ogre
 11861 | D:11     | Reached **** piety under Okawaru
 12187 | D:11     | You fall into a shaft and drop 1 floor!
 12364 | D:12     | Identified the +2 robe of the Zebra {Fly rElec rF+}
 12517 | D:12     | Noticed a deep elf pyromancer
 12526 | D:12     | Killed a deep elf pyromancer
 13466 | D:11     | Noticed a catoblepas
 13478 | D:11     | Killed a catoblepas
 13479 | D:11     | Reached skill level 10 in Fighting
 13977 | D:11     | Reached ***** piety under Okawaru
 13994 | D:11     | Noticed a cyan ugly thing
 14005 | D:11     | Killed a cyan ugly thing
 14006 | D:11     | Reached skill level 14 in Unarmed Combat
 14424 | Lair:1   | Entered Level 1 of the Lair of Beasts
 14686 | Lair:1   | Noticed a four-headed hydra
 14695 | Lair:1   | Killed a four-headed hydra
 14696 | Lair:1   | Reached XP level 12. HP: 71/107 MP: 11/11
 14910 | Lair:1   | Slain by a komodo dragon

Illustrated notes

Levels and vault maps discovered:
D:1:      lightli_arrival_lavapool, layout_rooms, minmay_pentomino_x2
D:2:      layout_loops_ring, minmay_crystal_room, hangedman_decor_riveting
D:3:      layout_basic, grunt_gozag_statues
D:4:      layout_layer_cave, worldfamousw_hep_ancestral_shrine,
          lemuel_blue_sif_altar, uniq_blork_the_orc
D:5:      layout_loops_ring, minmay_temple_entry_nine_rooms, uniq_sigmund
D:6:      layout_cave_pools, ebering_ghost_sewer_f
D:7:      layout_basic, patterned_corridor, uniq_menkaure
D:8:      layout_basic, nicolae_overflow_hidden_temple
D:9:      layout_roguey, lair_entry_dummy, enter_bailey_4
D:10:     layout_loops_cross
D:11:     layout_grid_maze, david_orc_3
D:12:     layout_irregular_city
Temple:   lightli_temple_of_artemis
Lair:1:   layout_cave_pods, fungi_pond_lemuel, beast_lair_carwin_3

Skill      XL: |  1  2  3  4  5  6  7  8  9 10 11 |
---------------+----------------------------------+-----
Unarmed Combat | 4 5 6 7 8 10 12 13 14 | 14.0
Shields        | 3 4 |  4.0
Armour         | 3 6 8 |  8.4
Fighting       | 5 8 10 | 10.6
Dodging        | |  2.6
Stealth        | |  2.1

Action                   |  1- 3 |  4- 6 |  7- 9 | 10-12 || total
-------------------------+-------+-------+-------+-------++-------
Melee: Unarmed           |   109 |   152 |   240 |   439 ||   940
       Punch             |     3 |     3 |     5 |       ||    11
Throw: Boomerang         |     8 |     1 |       |    77 ||    86
Invok: Heroism           |       |       |       |     1 ||     1
  Use: Scroll            |       |    12 |     2 |     6 ||    20
       Potion            |       |     3 |       |     7 ||    10
 Stab: Sleeping          |     1 |       |       |       ||     1
Armor: Robe              |    16 |       |       |       ||    16
       Ring mail         |     3 |       |       |       ||     3
       Scale mail        |    22 |    53 |    61 |    61 ||   197
       Chain mail        |       |       |       |   156 ||   156
Dodge: Dodged            |    57 |    75 |    91 |   164 ||   387
Block: Buckler           |       |       |    23 |    80 ||   103

Table legend: (Time is in decaauts)
 A = Elapsed time spent in this place.
 B = Non-inter-level travel time spent in this place.
 C = Inter-level travel time spent in this place.
 D = Time resting spent in this place.
 E = Time spent auto-exploring this place.
 F = Levels seen in this place.
 G = Mean time per level.
                   A        B        C        D        E       F      G
               +--------+--------+--------+--------+--------+-----+--------+
         Total |  14731 |  14046 |    685 |   3131 |   8317 |  15 |  982.1 |
       Dungeon |  13817 |  13150 |    667 |   3033 |   7903 |  12 | 1151.4 |
        Temple |     41 |     23 |     18 |      0 |      0 |   1 |   41.0 |
          Lair |    478 |    478 |      0 |      0 |    414 |   1 |  478.0 |
        Bailey |    393 |    393 |      0 |     97 |      0 |   1 |  393.0 |
               +--------+--------+--------+--------+--------+-----+--------+

Top non-repeatable levels by time:
    D:11: 2494 daAuts
     D:8: 1396 daAuts
     D:3: 1364 daAuts
     D:4: 1318 daAuts
     D:7: 1284 daAuts
     D:9: 1241 daAuts
    D:10: 964 daAuts
     D:5: 928 daAuts
     D:6: 843 daAuts
     D:2: 755 daAuts
     D:1: 739 daAuts
    D:12: 485 daAuts
  Lair:1: 478 daAuts
  Bailey: 393 daAuts
  Temple: 41 daAuts
